 Dungeon Crawl Stone Soup version 0.29.0-5-ge4962eb29e (webtiles) character file.

Game seed: 14704509094990762878

88 keekatzer the Grasshopper (level 4, -5/40 HPs)
             Began as a Naga Warper on Aug 30, 2022.
             Was an Initiate of Cheibriados.
             Shot with an arrow by a centaur (11 damage)
             ... on level 3 of the Dungeon.
             The game lasted 00:09:19 (2356 turns).

keekatzer the Grasshopper (Naga Warper)             Turns: 2356, Time: 00:09:20

Health: -5/40      AC:  3    Str: 14    XL:     4   Next: 54%
Magic:  7/7        EV: 10    Int: 14    God:    Cheibriados [......]
Gold:   77         SH:  0    Dex: 14    Spells: 2/7 levels left

rFire   . . .      SeeInvis +   a - +0 spear
rCold   . . .      Faith    .   (no shield)
rNeg    . . .      Spirit   .   b - +0 leather armour
rPois   +          Reflect  .   (no helmet)
rElec   .          Harm     .   (no cloak)
rCorr   .          Rampage  .   (no gloves)
Will    .....                   (no barding)
Stlth   ++........              (no amulet)
HPRegen 0.13/turn               (no ring)
MPRegen 0.10/turn               (no ring)

@: very slow
A: AC +1, large, see invisible, deformed body, poison resistance, slowness 2,
spit poison 1, naga tail 1
a: Spit Poison, Renounce Religion


You were on level 3 of the Dungeon.
You worshipped Cheibriados.
Cheibriados was noncommittal.
You visited 1 branch of the dungeon, and saw 3 of its levels.

You collected 77 gold pieces.

Inventory:

Hand Weapons
 a - a +0 spear (weapon)
Missiles
 d - 3 boomerangs of dispersal (quivered)
Armour
 b - a +0 leather armour (worn)
Scrolls
 c - a scroll of blinking
 e - a scroll of vulnerability {unknown}
 f - a scroll of magic mapping {unknown}
 g - 2 scrolls of identify {unknown}
 h - 2 scrolls of teleportation {unknown}
 j - a scroll of immolation {unknown}
 k - a scroll of enchant armour {unknown}
Potions
 i - a potion of invisibility {unknown}
 l - a potion of berserk rage {unknown}


   Skills:
 * Level 2.9 Fighting
 - Level 2.0 Polearms
 - Level 0.8 Throwing
 + Level 1.6 Armour
 + Level 2.2 Dodging
 * Level 1.6 Stealth
 - Level 2.0 Spellcasting
 * Level 3.4 Translocations


You had 2 spell levels left.
You knew the following spells:

 Your Spells              Type           Power      Damage    Failure   Level
a - Blink                 Tloc           20%        N/A       11%         2
b - Gell's Gravitas       Tloc           10%        N/A       22%         3

Your spell library contained the following spells:

 Spells                   Type           Power      Damage    Failure   Level
 Sublimation of Blood     Necr           1%         N/A       41%         2
 Lesser Beckoning         Tloc           10%        N/A       22%         3
 Teleport Other           Tloc           10%        N/A       22%         3
 Manifold Assault         Tloc           10%        N/A       89%         5
 Petrify                  Tmut/Erth      1%         N/A       96%         4
 Irradiate                Conj/Tmut      0%         3d11      100%        5


Dungeon Overview and Level Annotations

Branches:
Dungeon (3/15)

Altars:
Cheibriados


Innate Abilities, Weirdness & Mutations

Your serpentine skin is tough. (AC +1)
You have supernaturally acute eyesight. (SInv)
Armour fits poorly on your strangely shaped body.
Your system is resistant to poisons. (rPois)
You cover ground very slowly.
You can spit poison.
You have a snake-like lower body.


Message History

l - a fizzy orange potion
Things that are here:
a +0 club; a +0 robe
Okay, then.
A centaur comes into view.
The centaur shouts!
The centaur wields a +0 shortbow.
The centaur shoots an arrow.
The arrow hits you.
Okay, then.
Casting: Blink (safe; 11% risk of failure)
Confirm with . or Enter, or press ? or * to list all spells.
You don't know that spell.
Unknown command.
Casting: Blink (safe; 11% risk of failure)
Confirm with . or Enter, or press ? or * to list all spells.
Okay, then.
Unknown command.
Throw: 6 boomerangs (disperse)
Press: ? - help, Q - select action, (/) - cycle Shift-Dir - straight line, f - centaur
Aim: a centaur, wielding a +0 shortbow (70% to hit)
You throw a boomerang of dispersal.
The boomerang of dispersal hits the centaur but does no damage.
The centaur shoots an arrow.
The arrow closely misses you.
The centaur shoots an arrow.
The arrow closely misses you.
Throw: 5 boomerangs (disperse)
Press: ? - help, Q - select action, (/) - cycle Shift-Dir - straight line, f/p - centaur
Aim: a centaur, wielding a +0 shortbow (70% to hit)
You throw a boomerang of dispersal.
The boomerang of dispersal closely misses the centaur.
The centaur shoots an arrow.
The arrow misses you.
The centaur shoots an arrow.
The arrow hits you.
Throw: 4 boomerangs (disperse)
Press: ? - help, Q - select action, (/) - cycle Shift-Dir - straight line, f/p - centaur
Aim: a centaur, wielding a +0 shortbow (70% to hit)
You throw a boomerang of dispersal.
The boomerang of dispersal barely misses the centaur.
The centaur shoots an arrow.
The arrow hits you!
* * * LOW HITPOINT WARNING * * *
The centaur shoots an arrow.
The arrow hits you!
You die...

.............).........
>..........####.###.#.
##########...##.#
###.##.# #.##.# #..#.#
##.#.# #...###.#..#
##>.@...c...
##.###.#### #.# ..#
####


You could see a centaur.

Vanquished Creatures
  Jessica (D:3)
  2 adders (D:2)
  A worm (D:3)
  A dart slug (D:1)
  4 endoplasms (D:1)
  A giant cockroach (D:1)
  4 goblins
  3 hobgoblins
  5 kobolds (D:1)
  2 quokkas (D:1)
  4 ball pythons
  5 bats
  3 frilled lizards
  4 rats
40 creatures vanquished.

Notes
Turn   | Place    | Note
-------+----------+-------------------------------------------
     0 | D:1      | keekatzer the Naga Warper began the quest for the Orb.
     0 | D:1      | Reached XP level 1. HP: 19/19 MP: 3/3
    68 | D:1      | Found a faded altar of an unknown god.
    83 | D:1      | Reached skill level 1 in Armour
   299 | D:1      | Reached XP level 2. HP: 24/26 MP: 5/5
   302 | D:1      | Learned a level 2 spell: Blink
  1099 | D:1      | Reached XP level 3. HP: 23/33 MP: 6/6
  1379 | D:2      | Learned a level 3 spell: Gell's Gravitas
  1451 | D:2      | Found a snail-covered altar of Cheibriados.
  1458 | D:2      | Became a worshipper of Cheibriados the Contemplative
  1797 | D:2      | Reached skill level 1 in Stealth
  1949 | D:2      | Reached XP level 4. HP: 40/40 MP: 7/7
  2322 | D:3      | Noticed Jessica
  2329 | D:3      | Killed Jessica
  2353 | D:3      | Noticed a centaur
  2356 | D:3      | Shot with an arrow by a centaur

Illustrated notes

Levels and vault maps discovered:
D:1:      lightli_arrival_isolated_outpost, layout_loops_corners,
          ebering_ecumenical_altar_box, dreamdust_princess_bridge,
          minmay_misc_feat_tiny
D:2:      layout_basic, basic_altar
D:3:      layout_basic, vehumet_statue, hellmonk_ghost_happy_afterlife,
          grunt_decor_arrowhead, st_stairs_14, uniq_sigmund, uniq_jessica

Skill      XL: |  1  2  3 |
---------------+----------+-----
Armour         | 1 |  1.6
Dodging        | 2 |  2.2
Stealth        | 1 |  1.6
Fighting       | |  2.9
Polearms       | |  2.0
Throwing       | |  0.8
Spellcasting   | |  2.0
Translocations | |  3.4

Action                   |  1- 3 |  4- 6 || total
-------------------------+-------+-------++-------
Melee: Spear             |   137 |    16 ||   153
       Punch             |     1 |       ||     1
Throw: Boomerang         |       |     4 ||     4
 Abil: Spit Poison       |    12 |     2 ||    14
 Stab: Sleeping          |     1 |       ||     1
Armor: Leather armour    |    30 |     3 ||    33
Dodge: Dodged            |    69 |     5 ||    74
